 Dungeon Crawl Stone Soup version 0.31-a0-1540-g5a0b83f448 (webtiles) character file.

Game seed: 13158927317013728803

24 MisterAzrael the Ruffian (level 3, 0/23 HPs)
             Began as an Octopode Shapeshifter on Jan 2, 2024.
             Slain by a gnoll
             ... wielding a +0 spear
              (5 damage)
             ... on level 2 of the Dungeon.
             The game lasted 00:00:46 (875 turns).

MisterAzrael the Ruffian (Octopode Shapeshifter)     Turns: 875, Time: 00:00:46

Health: 0/23       AC:  1    Str: 15    XL:     3   Next: 2%
Magic:  3/3        EV: 13    Int: 12    God:
Gold:   99         SH:  0    Dex: 11    Spells: 2/2 levels left

rFire   . .          .
                       - Unarmed
rCold   . . .        (no shield)
rNeg    . . .        (helmet currently unavailable)
rPois   .            (no amulet)
rElec   .            (no ring)
rCorr   .            (no ring)
SInv    .            (no ring)
Will    .....        (no ring)
Stlth   ++           (no ring)
HPRegen 0.23/turn    (no ring)
MPRegen 0.08/turn    (no ring)
                     (no ring)

%: no passive effects
@: beast-form
A: beast (slay +1), almost no armour, amphibious, 8 rings, camouflage 1,
gelatinous body 1, (nimble swimmer 1), tentacles
a: Begin Untransformation


You were on level 2 of the Dungeon.
You were a hulking beast.
You visited 1 branch of the dungeon, and saw 2 of its levels.

You collected 99 gold pieces.

Inventory:

Missiles
 g - 3 boomerangs
Jewellery
 e - a +5 ring of evasion
Talismans
 b - a beast talisman
 c - a flux talisman
Scrolls
 d - 2 scrolls of identify {unknown}
 f - 2 scrolls of immolation {unknown}
 h - a scroll of blinking {unknown}
 j - a scroll of torment {unknown}
Potions
 a - a potion of lignification
 i - a potion of curing {unknown}


   Skills:
 - Level 1.0 Fighting
 + Level 0.8 Throwing
 * Level 2.5 Dodging
 + Level 3.2 Unarmed Combat
 + Level 3.2 Shapeshifting


You had 2 spell levels left.
You didn't know any spells.
Your spell library contained the following spells:

 Spells                   Type           Power      Damage    Failure   Level
 Summon Small Mammal      Summ           0%         N/A       32%         1
 Call Canine Familiar     Summ           0%         N/A       69%         3
 Summon Blazeheart Golem  Fire/Summ      0%         N/A       97%         4


Dungeon Overview and Level Annotations

Branches:
Dungeon (2/15)

Altars:


Innate Abilities, Weirdness & Mutations

You are a hulking beast.
Your limbs bulge with bestial killing power. (Slay +1)
You cannot wear most types of armour.
You are amphibious.
You can wear up to eight rings at the same time.
Your skin changes colour to match your surroundings (Stealth+).
Your rubbery body absorbs attacks. (AC +1, EV +1)
((You are camouflaged when in or above water. (Stealth+)))
You have tentacles for arms and can constrict up to eight enemies at once.


Message History

You catch the helpless gnoll completely off-guard!
You tentacle-slap the gnoll.
The gnoll shouts!
You grab the gnoll.
The gnoll is moderately wounded.
You constrict the gnoll. The gnoll closely misses you.
You tentacle-slap the gnoll.
The gnoll is severely wounded.
You constrict the gnoll. The gnoll hits you but does no damage.
You tentacle-slap the gnoll.
The gnoll is almost dead.
You constrict the gnoll. The gnoll hits you with a +0 whip.
You bludgeon the gnoll!
You kill the gnoll!
A gnoll comes into view. It is wielding a +0 spear.
You have reached level 3!
Your experience leads to an increase in your attributes!
Increase (S)trength, (I)ntelligence, or (D)exterity?
You feel stronger. x2
The gnoll shouts!
The gnoll attacks as it pursues you! The gnoll barely misses you.
The gnoll attacks as it pursues you!
The gnoll hits you from afar with a +0 spear.
The gnoll hits you from afar with a +0 spear.
The gnoll closely misses you.
You tentacle-slap the gnoll but do no damage.
You grab the gnoll.
You constrict the gnoll, but do no damage.
The gnoll misses you. The gnoll hits you with a +0 spear.
You tentacle-slap the gnoll. You squeeze the gnoll.
The gnoll is heavily wounded.
You constrict the gnoll. The gnoll barely misses you.
The gnoll hits you with a +0 spear.
* * * LOW HITPOINT WARNING * * *
You tentacle-slap the gnoll.
The gnoll is almost dead.
You constrict the gnoll.
You kill the gnoll!
The gnoll hits you from afar with a +0 spear.
You die...

...................
.............#.#.#
.............#.#.###
...................
......#.#....#..?###.#..
.##.#...........).......
.............#.g.###.#.#
...............))......#
....#...#....#.#h###.#.#
....#...#...†..).#
....#...#....#...#
....##..#........#
....##..#........#
....##..#........#
....##..#....#.###
....##..#.......
....##..#......


You could see a gnoll.

Vanquished Creatures
  2 gnolls (D:2)
  A dart slug (D:1)
  2 ball pythons (D:1)
  An endoplasm (D:1)
  A giant cockroach (D:2)
  2 goblins
  A hobgoblin (D:1)
  2 frilled lizards (D:1)
  2 kobolds
14 creatures vanquished.

Notes
Turn   | Place    | Note
-------+----------+-------------------------------------------
     0 | D:1      | MisterAzrael the Octopode Shapeshifter began the quest for
                  | the Orb.
     0 | D:1      | Reached XP level 1. HP: 13/13 MP: 1/1
   258 | D:1      | Reached XP level 2. HP: 18/18 MP: 2/2
   868 | D:2      | Reached XP level 3. HP: 16/23 MP: 3/3
   875 | D:2      | Slain by a gnoll

Illustrated notes

Levels and vault maps discovered:
D:1:      heliophobic_arrival_henge, layout_basic, chequers_jeans,
          grunt_decor_mini_mirrors
D:2:      layout_basic, serial_shops, shop

Action                     || total
---------------------------++-------
  Melee: Unarmed           ||    28
         Tentacles         ||     5
         Constrict         ||     5
   Stab: Distracted        ||     1
         Sleeping          ||     1
 Armour: Skin              ||    11
  Dodge: Dodged            ||    18

Table legend: (Time is in decaauts)
 A = Elapsed time spent in this place.
 B = Non-inter-level travel time spent in this place.
 C = Inter-level travel time spent in this place.
 D = Time resting spent in this place.
 E = Time spent auto-exploring this place.
 F = Levels seen in this place.
 G = Mean time per level.
                   A        B        C        D        E       F      G
               +--------+--------+--------+--------+--------+-----+--------+
         Total |    873 |    813 |     60 |      0 |    710 |   2 |  436.5 |
       Dungeon |    873 |    813 |     60 |      0 |    710 |   2 |  436.5 |
               +--------+--------+--------+--------+--------+-----+--------+

Top non-repeatable levels by time:
     D:1: 791 daAuts
     D:2: 82 daAuts
